 Dungeon Crawl Stone Soup version 0.30.1-11-g7821555f0a (webtiles) character file.

Game seed: 1769784092026776508

66 KyoPewz the Sneak (level 3, -2/14 HPs)
             Began as a Felid Enchanter on Jan 6, 2024.
             Killed from afar by Natasha (8 damage)
             ... with a magic dart
             ... on level 2 of the Dungeon.
             The game lasted 00:03:48 (1261 turns).

KyoPewz the Sneak (Felid Enchanter)                 Turns: 1261, Time: 00:03:49

Health: -2/14      AC:  1    Str:  4    XL:     3   Next: 96%
Magic:  1/7        EV: 17    Int: 16    God:
Gold:   98         SH:  0    Dex: 18    Spells: 1/6 levels left
                                        Lives:  0   Deaths: 0

rFire   . .          .
                       - Unarmed
rCold   . . .        (shield unavailable)
rNeg    . . .        (body armour unavailable)
rPois   .            (helmet unavailable)
rElec   .            (cloak unavailable)
rCorr   .            (gloves unavailable)
SInv    +            (boots unavailable)
Will    .....        (no amulet)
Stlth   +++          (no ring)
HPRegen 0.22/turn    (no ring)
MPRegen 0.10/turn

%: no passive effects
@: quick
A: very small, claws 1, fangs 3, see invisible, speed 1, shaggy fur 1, stealthy
paws, no weapons or thrown items, no armour, multi-lived
a: no special abilities


You were on level 2 of the Dungeon.
You visited 1 branch of the dungeon, and saw 2 of its levels.

You collected 98 gold pieces.

Inventory:

Wands
 g - a wand of mindburst (13)
Scrolls
 b - 3 scrolls of magic mapping {unknown}
 d - 2 scrolls of identify {unknown}
 f - a scroll of teleportation {unknown}
 i - a scroll of brand weapon {unknown}
Potions
 a - 2 potions of invisibility
 c - a potion of lignification {unknown}
 e - 2 potions of resistance {unknown}
 h - a potion of flight {unknown}


   Skills:
 - Level 2.6 Dodging
 + Level 5.7 Stealth
 - Level 1.0 Unarmed Combat
 - Level 2.0 Spellcasting
 - Level 5.0 Hexes
 + Level 1.4 Ice Magic


You had one spell level left.
You knew the following spells:

 Your Spells              Type           Power      Damage    Failure   Level
a - Ensorcelled Hibernat  Hex/Ice        22%        N/A       9%          2
b - Confusing Touch       Hex            17%        N/A       8%          3

Your spell library contained the following spells:

 Spells                   Type           Power      Damage    Failure   Level
 Tukima's Dance           Hex            17%        N/A       8%          3
 Dazzling Flash           Conj/Hex       18%        N/A       22%         3


Dungeon Overview and Level Annotations

Branches:
Dungeon (2/15)

Altars:

Annotations:
D:2 Natasha


Innate Abilities, Weirdness & Mutations

You have sharp claws.
You have razor-sharp teeth.
You have supernaturally acute eyesight. (SInv)
You cover ground quickly. (Speed+)
You are covered in fur. (AC +1)
Your paws help you pounce on unaware monsters.
You are incapable of wielding weapons or throwing items.
You cannot wear armour.
You gain extra lives every three experience levels.


Message History

Confirm with . or Enter, or press ? or * to list all spells.
Aiming: Ensorcelled Hibernation (safe; 9% risk of failure)
Press: ? - help, Shift-Dir - straight line, f - Natasha
Aim: Natasha (lightly wounded, chance to affect: 45%) Natasha resists with some effort.
Natasha barely misses you.
You now have 5/7 mp.
Casting: Ensorcelled Hibernation (safe; 9% risk of failure)
Confirm with . or Enter, or press ? or * to list all spells.
Aiming: Ensorcelled Hibernation (safe; 9% risk of failure)
Press: ? - help, Shift-Dir - straight line, f/p - Natasha
Aim: Natasha (lightly wounded, chance to affect: 45%) Natasha resists with some effort.
Natasha closely misses you.
You now have 3/7 mp.
Casting: Ensorcelled Hibernation (safe; 9% risk of failure)
Confirm with . or Enter, or press ? or * to list all spells.
Aiming: Ensorcelled Hibernation (safe; 9% risk of failure)
Press: ? - help, Shift-Dir - straight line, f/p - Natasha
Aim: Natasha (lightly wounded, chance to affect: 45%) Natasha resists with some effort.
Natasha misses you.
You now have 1/7 mp.
Casting: Ensorcelled Hibernation (safe; 9% risk of failure)
Confirm with . or Enter, or press ? or * to list all spells.
You don't have enough magic to cast this spell.
Press: ? - help, v - describe, . - travel
Here: Natasha (lightly wounded)
The floor.
Unknown command.
Natasha attacks as you move away! Natasha barely misses you.
Natasha attacks as you move away! Natasha closely misses you.
Natasha attacks as you move away! Natasha closely misses you.
Press: ? - help, v - describe, . - travel
Here: Natasha (lightly wounded)
The floor.
Unknown command.
Natasha attacks as you move away! Natasha claws you.
You take 4 damage, and have 6/14 hp.
MASSIVE DAMAGE!!
Natasha stares at you and mumbles some strange words.
The magic dart hits you!
Ouch! That really hurt!
You die...

#.# # #.##.#.#
#.#
#.#......#####
#.#
#.#..†........
#.#
#......#.#####
#.# ###.<#.#.#
#.# #......#
#h# #.##.#.#
#.# #.##.#.#
#@#
#.##.#.#####
##.#
##.##.#......
#..#
#...#.#######
#.## #.#.#.#
#.# #...#.#
#.# ##.##.#
#.# #....# #.#
####.# #.#
#.#######


You could see Natasha.

Vanquished Creatures
  2 adders (D:2)
  A worm (D:2)
  A dart slug (D:1)
  3 ball pythons (D:1)
  9 bats
  4 endoplasms (D:1)
  6 giant cockroaches
  2 hobgoblins (D:1)
  4 kobolds
  A quokka (D:1)
  A frilled lizard (D:1)
  3 goblins
  4 rats (D:1)
41 creatures vanquished.

Notes
Turn   | Place    | Note
-------+----------+-------------------------------------------
     0 | D:1      | KyoPewz the Felid Enchanter began the quest for the Orb.
     0 | D:1      | Reached XP level 1. HP: 7/7 MP: 4/4
   111 | D:1      | Reached XP level 2. HP: 11/11 MP: 6/6
   116 | D:1      | Learned a level 2 spell: Ensorcelled Hibernation
   121 | D:1      | Found a faded altar of an unknown god.
   147 | D:1      | Reached skill level 5 in Stealth
   476 | D:1      | Reached XP level 3. HP: 12/14 MP: 7/7
   935 | D:1      | Learned a level 3 spell: Confusing Touch
   961 | D:2      | Reached skill level 1 in Ice Magic
   963 | D:2      | Reached skill level 5 in Hexes
  1245 | D:2      | Noticed Natasha
  1261 | D:2      | Killed from afar by Natasha

Illustrated notes

Levels and vault maps discovered:
D:1:      tarquinn_simple_flora_water_f, layout_basic,
          hellmonk_ecumenical_altar_zigzags
D:2:      layout_loops_ring, uniq_natasha, uniq_crazy_yiuf_cottage

Skill      XL: |  1  2  3 |
---------------+----------+-----
Stealth        | 5 |  5.7
Ice Magic      | 1 |  1.4
Hexes          | 5 |  5.0
Dodging        | |  2.6
Unarmed Combat | |  1.0
Spellcasting   | |  2.0

Action                     || total
---------------------------++-------
  Melee: Unarmed           ||   128
         Bite              ||     8
         Punch             ||     2
   Cast: Ensorcelled Hiber ||     4
   Stab: Sleeping          ||    13
 Armour: Skin              ||    17
  Dodge: Dodged            ||   104
